 Dungeon Crawl Stone Soup version 0.29.1-1-gd02db6906a (webtiles) character file.

Game seed: 1066436880390767827

107 nessiah the Slasher (level 4, -1/41 HPs)
             Began as a Minotaur Berserker on Sept 16, 2022.
             Was a Believer of Trog.
             Slain by a water moccasin (8 damage)
             ... on level 5 of the Dungeon.
             The game lasted 00:09:02 (3142 turns).

nessiah the Slasher (Minotaur Berserker)            Turns: 3142, Time: 00:09:02

Health: -1/41      AC:  5    Str: 24    XL:     4   Next: 56%
Magic:  3/3        EV: 11    Int:  4    God:    Trog [**....]
Gold:   124        SH:  0    Dex:  9    Spells: 3/3 levels left

rFire   . . .      SeeInvis .   a - +0 falchion
rCold   . . .      Faith    .   (no shield)
rNeg    . . .      Spirit   .   g - +0 ring mail
rPois   .          Reflect  .   (helmet restricted)
rElec   .          Harm     .   (no cloak)
rCorr   .          Rampage  .   (no gloves)
Will    .....                   (no boots)
Stlth   ..........              (no amulet)
HPRegen 0.13/turn               (no ring)
MPRegen 0.08/turn               (no ring)

@: on berserk cooldown, slowed, very slow
A: horns 2, retaliatory headbutt
a: Renounce Religion, Berserk, Trog's Hand


You were on level 5 of the Dungeon.
You worshipped Trog.
Trog was pleased with you.
You visited 1 branch of the dungeon, and saw 4 of its levels.

You collected 124 gold pieces.

Inventory:

Hand Weapons
 a - a +0 falchion (weapon)
 i - a +0 sling
 o - a +0 dagger of holy wrath
Armour
 g - a +0 ring mail (worn)
 j - a +0 helmet
Scrolls
 c - 4 scrolls of identify {unknown}
 e - 3 scrolls of immolation {unknown}
 f - a scroll of amnesia {unknown}
 h - a scroll of fear {unknown}
 l - 2 scrolls of noise {unknown}
 m - a scroll of teleportation {unknown}
 p - a scroll of enchant armour {unknown}
Potions
 b - 2 potions of might {unknown}
 d - 3 potions of curing {unknown}
 k - a potion of attraction {unknown}
 n - 2 potions of degeneration {unknown}
 q - a potion of invisibility {unknown}


   Skills:
 + Level 4.5 Fighting
 + Level 5.0 Long Blades
 + Level 3.4 Armour
 + Level 2.5 Dodging


You had 3 spell levels left.
You didn't know any spells.
Your spell library contained the following spells:

 Spells                   Type           Power      Damage    Failure   Level
 Foxfire                  Conj/Fire      0%         2x1d4     65%         1
 Conjure Flame            Conj/Fire      0%         6-21      95%         3
 Inner Flame              Hex/Fire       0%         N/A       95%         3
 Flame Wave               Conj/Fire      0%         2d4       100%        4


Dungeon Overview and Level Annotations

Branches:
Dungeon (5/15)
 Temple: D:4-7

Altars:


Innate Abilities, Weirdness & Mutations

You have a pair of horns on your head.
You reflexively headbutt those who attack you in melee.


Message History

The iguana misses you. You furiously retaliate!
You headbutt the iguana.
A red film seems to cover your vision as you go berserk!
You feel yourself moving faster!
You feel mighty! The iguana bites you.
You completely miss the iguana.
The iguana is heavily wounded.
The iguana closely misses you. You furiously retaliate!
You headbutt the iguana!
You kill the iguana!
Trog accepts your kill.
Your Long Blades skill increases to level 5!
Unknown command.
A water moccasin comes into view.
You feel a strong urge to attack something.
The water moccasin hisses angrily.
You hear a shout!
The orc barely misses you.
An ufetubus comes into view.
You hear a bark!
You hear a shout!
You slash the orc!
You kill the orc!
Trog accepts your kill.
Things that are here:
a +0 club; an orc corpse You feel a strong urge to attack something.
You are no longer berserk.
You are exhausted.
You feel yourself slow down. The water moccasin bites you.
* * * LOW HITPOINT WARNING * * *
The water moccasin bites you but does no damage.
The water moccasin attacks as you move away!
The water moccasin barely misses you. The water moccasin misses you.
The ufetubus hits you.
* * * LOW HITPOINT WARNING * * *
The ufetubus barely misses you.
There is a stone staircase leading down here.
The water moccasin attacks as you move away!
The water moccasin bites you.
* * * LOW HITPOINT WARNING * * *
The water moccasin bites you!
You die...

#######
#####.....######
#....@S5.......#
#.###.#...####.####
#.##....$......
#..........#####
.............)....
##########).#.###
#..# .. ....# #.
#+#..#


You could see a water moccasin and an ufetubus.

Vanquished Creatures
  An iguana (D:5)
  2 adders
  2 worms (D:2)
  A dart slug (D:1)
  An orc (D:5)
  5 endoplasms
  A giant cockroach (D:3)
  6 goblins
  3 hobgoblins
  6 jackals
  5 kobolds
  3 quokkas
  3 ball pythons
  A bat (D:2)
  6 frilled lizards
  7 rats
53 creatures vanquished.

Notes
Turn   | Place    | Note
-------+----------+-------------------------------------------
     0 | D:1      | nessiah the Minotaur Berserker began the quest for the Orb.
     0 | D:1      | Reached XP level 1. HP: 19/19 MP: 0/0
   416 | D:1      | Reached skill level 4 in Long Blades
   416 | D:1      | Reached XP level 2. HP: 27/27 MP: 1/1
  1428 | D:2      | Reached XP level 3. HP: 15/33 MP: 2/2
  1753 | D:2      | Reached ** piety under Trog
  2902 | D:3      | Found a faded altar of an unknown god.
  2914 | D:3      | Reached XP level 4. HP: 41/41 MP: 3/3
  3105 | D:3      | You fall into a shaft and drop 2 floors!
  3105 | D:5      | Entered Level 5 of the Dungeon
  3132 | D:5      | Reached skill level 5 in Long Blades
  3132 | D:5      | Noticed a water moccasin
  3142 | D:5      | Slain by a water moccasin

Illustrated notes

Levels and vault maps discovered:
D:1:      lemuel_arrival_tunnels, layout_loops_ring, minmay_misc_feat_cross,
          fountainhead, serial_bayou_pond_e, minmay_heptomino_d4
D:2:      layout_basic
D:3:      layout_basic, shapermc_ecumenical_altar_notcrosses, uniq_sigmund
D:5:      layout_basic, nicolae_tso_besieged_by_evil

Skill      XL: |  1  2  3  4 |
---------------+-------------+-----
Long Blades    | 4 5 |  5.0
Fighting       | 4 |  4.5
Armour         | 3 |  3.4
Dodging        | |  2.5

Action                   |  1- 3 |  4- 6 || total
-------------------------+-------+-------++-------
Melee: Falchion          |   105 |    34 ||   139
       Headbutt          |    12 |     5 ||    17
       Punch             |     1 |       ||     1
Invok: Berserk           |     1 |     1 ||     2
Armor: Ring mail         |    27 |    15 ||    42
Dodge: Dodged            |    60 |    20 ||    80
